 Dungeon Crawl Stone Soup version 0.30.0-17-ge0270778cf (webtiles) character file.

Game seed: 16017002541379347156

30933 cdecastro the Fey Demonspawn (level 13, -3/91 HPs)
             Began as a Demonspawn Hedge Wizard on May 21, 2023.
             Was an Initiate of Yredelemnul.
             Slain by a large slime creature (27 damage)
             ... summoned by a boggart
             ... on level 14 of the Dungeon.
             The game lasted 01:10:25 (15988 turns).

cdecastro the Fey Demonspawn (DsHW)                Turns: 15988, Time: 01:10:26

Health: -3/91      AC: 10    Str: 18    XL:     13   Next: 23%
Magic:  19/23      EV: 19    Int: 21    God:    Yredelemnul [......]
Gold:   911        SH:  0    Dex: 16    Spells: 12/18 levels left

rFire   . . .        H - +2 short sword (elec)
rCold   + + .        (no shield)
rNeg    . . .        b - +0 robe
rPois   +            a - +2 helmet {Int+3}
rElec   +            (no cloak)
rCorr   .            (no gloves)
SInv    .            S - +2 pair of boots
Will    .....        u - amulet of regeneration
Stlth   ++++         j - +5 ring of evasion
HPRegen 1.15/turn    W - ring "Meonagaj" {rElec rPois rC++ Str+6 Dex+2}
MPRegen 0.18/turn

%: no passive effects
@: about to teleport
A: hooves 1, slimy green scales 1, demonic guardian 2, demonic magic 3
a: Renounce Religion, Recall Undead Harvest


You were on level 14 of the Dungeon.
You worshipped Yredelemnul.
Yredelemnul was pleased with you.
You visited 2 branches of the dungeon, and saw 15 of its levels.
You also visited: Sewer and Gauntlet.

You collected 945 gold pieces.
You spent 34 gold pieces at shops.

Inventory:

Hand Weapons
 H - a +2 short sword of electrocution (weapon)
Missiles
 i - 2 datura-tipped darts
 y - 2 boomerangs
 G - 2 throwing nets
 J - 42 poisoned darts
 K - 2 curare-tipped darts
 U - 4 javelins
 V - 4 atropa-tipped darts
 Z - 5 silver javelins
Armour
 a - a +2 helmet of intelligence (worn)
 b - a +0 robe (worn)
 S - a +2 pair of boots (worn)
 X - a +0 buckler
Jewellery
 j - a +5 ring of evasion (left hand)
 u - an amulet of regeneration (around neck)
 B - a ring of fire
 I - a ring of resist corrosion
 L - an amulet of the acrobat
 O - a ring of wizardry
 W - the ring "Meonagaj" (right hand) {rElec rPois rC++ Str+6 Dex+2}
   (You found it in a Gauntlet)

   [ring of strength]

   Str:       It affects your strength (+6).
   Dex:       It affects your dexterity (+2).
   rC:        It greatly protects you from cold.
   rElec:     It insulates you from electricity.
   rPois:     It protects you from poison.
Wands
 C - a wand of flame (13)
 D - a wand of paralysis (1)
 E - a wand of roots (16)
 Y - a wand of mindburst (8)
Scrolls
 f - 4 scrolls of teleportation
 g - a scroll of enchant weapon {unknown}
 h - 2 scrolls of torment {unknown}
 k - 6 scrolls of blinking
 m - 3 scrolls of immolation {unknown}
 q - 4 scrolls of acquirement {unknown}
 r - 5 scrolls of fear {unknown}
 s - 2 scrolls of poison
 t - 3 scrolls of magic mapping {unknown}
 v - 3 scrolls of vulnerability
 F - a scroll of fog
 M - a scroll of enchant armour
 Q - a scroll of butterflies
 R - 3 scrolls of silence
Potions
 d - 3 potions of magic
 e - 4 potions of might
 l - 4 potions of haste
 n - 4 potions of flight
 o - 2 potions of ambrosia
 p - 5 potions of lignification
 w - 2 potions of brilliance
 x - 6 potions of heal wounds
 z - 5 potions of curing
 N - 4 potions of mutation
 P - a potion of berserk rage
 T - 3 potions of invisibility
Miscellaneous
 c - a box of beasts
 A - a phial of floods


   Skills:
 - Level 5.0 Fighting
 - Level 12.0 Short Blades
 - Level 5.0 Dodging
 - Level 10.0 Stealth
 - Level 3.0 Spellcasting
 - Level 5.3 Conjurations
 - Level 2.2 Summonings
 - Level 0.8 Translocations
 - Level 5.0 Air Magic
 - Level 5.0 Poison Magic
 + Level 14.0 Invocations


You had 12 spell levels left.
You knew the following spells:

 Your Spells              Type           Power      Damage    Failure   Level
a - Magic Dart            Conj           100%       1d8       1%          1
b - Mephitic Cloud        Conj/Pois/Air  24%        N/A       4%          3
c - Cigotuvi's Dreadful   Necr/Pois/Air  34%        N/A       5%          2

Your spell library contained the following spells:

 Spells                   Type           Power      Damage    Failure   Level
 Call Imp                 Summ           24%        N/A       9%          2
 Apportation              Tloc           12%        N/A       10%         1
 Slow                     Hex            12%        N/A       13%         1
 Blink                    Tloc           12%        N/A       14%         2
 Lesser Beckoning         Tloc           12%        N/A       14%         2
 Spider Form              Tmut/Pois      13%        N/A       14%         3
 Ensorcelled Hibernation  Hex/Ice        6%         N/A       21%         2
 Sublimation of Blood     Necr           3%         N/A       21%         2
 Gell's Gravitas          Tloc           6%         N/A       28%         3
 Teleport Other           Tloc           6%         N/A       28%         3
 Summon Lightning Spire   Summ/Air       18%        N/A       30%         4
 Confusing Touch          Hex            3%         N/A       36%         3
 Summon Ice Beast         Ice/Summ       7%         N/A       63%         4
 Irradiate                Conj/Tmut      7%         3d14      77%         5
 Anguish                  Hex/Necr       1%         N/A       78%         4
 Cause Fear               Hex            1%         N/A       78%         4
 Petrify                  Tmut/Erth      3%         N/A       78%         4
 Alistair's Intoxication  Tmut/Pois      8%         N/A       78%         5
 Summon Mana Viper        Hex/Summ       7%         N/A       93%         5
 Dragon Form              Tmut           1%         N/A       100%        7
 Monstrous Menagerie      Summ           6%         N/A       100%        7
 Storm Form               Tmut/Air       6%         N/A       100%        7
 Discord                  Hex            1%         N/A       100%        8
 Maxwell's Capacitive Co  Air            12%        ∞         100%        8
 Dragon's Call            Summ           6%         N/A       100%        9


Dungeon Overview and Level Annotations

Branches:
Dungeon (14/15)            Temple (1/1) D:4            Lair (0/5) D:11
    Orc (0/2) D:10         Vaults (0/5) D:13          Sewer (visited)
Gauntlet (visited)

Altars:
Ashenzari
Cheibriados
Dithmenos
Fedhas
Gozag
Hepliaklqana
Kikubaaqudgha
Makhleb
Nemelex Xobeh
Okawaru
Qazlal
Ru
Sif Muna
Trog
Uskayaw
Vehumet
Wu Jian
Xom
Yredelemnul

Shops:
D:13 *

Annotations:
D:13 OceanMan's ghost, journeyman MiFi


Innate Abilities, Weirdness & Mutations

You have large cloven feet.
You are partially covered in slimy green scales. (AC +2)
A demonic guardian rushes to your aid.
Spells you cast and wands you use may paralyse nearby enemies.


Message History

* * * LOW HITPOINT WARNING * * *
The tengu warrior hits your ugly thing zombie with a +0 battleaxe!
The tengu warrior pecks you.
* * * LOW HITPOINT WARNING * * *
The tengu warrior claws you.
* * * LOW HITPOINT WARNING * * *
Unknown command.
Unknown command.
Unknown command.
You hit the slime creature but do no damage.
The fire elemental hits your ugly thing zombie.
The fire elemental burns your ugly thing zombie!
Your boggart zombie hits the slime creature.
The slime creature hits your ugly thing zombie.
Two slime creatures merge to form a large slime creature. x2
Unknown command.
Unknown command.
Unknown command.
Unknown command.
Okay, then.
Unknown command.
You hit the large slime creature.
The large slime creature is lightly wounded.
The tengu conjurer gestures wildly while chanting.
The tengu conjurer blinks!
Your ugly thing zombie hits the large slime creature.
The fire elemental hits your ugly thing zombie.
The fire elemental burns your ugly thing zombie!
The tengu warrior completely misses you.
The tengu warrior hits your ugly thing zombie with a +0 battleaxe!
Your ugly thing zombie is destroyed!
The tengu warrior closely misses you. The tengu warrior misses you.
You can no longer trade souls for undead servants.
Unknown command.
Unknown command.
You hit the large slime creature.
The large slime creature is lightly wounded.
The large slime creature hits you!!
You die...
Your body rises from the dead as a mindless zombie.

###.# ### #### ######...#
#>. .J.. .........#
##'###### .... ........O#
#.......# ....
.........### #.......#
....
......§Z.'.###.......#
....
.$....J.>#..##.......###
....
.....°EQJ##..'.......'.##
....
.Q.g..EJ@#####.......#...
.... ###+######
#.......###. #.##
###'##### ## .# #.#
###### #Z#### .....#
#....# .....# ####.#
.....# ######+#####
.....# #........##.


You could see 3 large slime creatures, a tengu warrior, a two-headed ogre, 2
fire elementals, a tengu conjurer, a boggart and a friendly boggart zombie.

Vanquished Creatures
  A minotaur (Gauntlet)
  A hydra (D:10)
  A centaur warrior (D:13)
  A boulder beetle (D:10)
  A two-headed ogre (D:11)
  A hell hog (Gauntlet)
  A shadow wraith (D:13)
  A deep troll (D:13)
  A deep elf pyromancer (D:12)
  8 ugly things
  A necromancer (D:13)
  3 manticores
  5 cyclopes
  An orange demon (D:8)
  A gargoyle (D:10)
  An unseen horror (D:12)
  A komodo dragon (D:10)
  A kobold demonologist (D:13)
  2 trolls (D:10)
  A polar bear (shapeshifter) (D:10)
  A hornet (D:10)
  A raiju (shapeshifter) (D:13)
  A wraith (D:10)
  5 slime creatures
  5 shadows
  A vampire (D:11)
  8 yaks
  3 fire bats (Gauntlet)
  2 steam dragons
  10 vampire mosquitoes
  An acid dragon (D:10)
  2 hell hounds (Gauntlet)
  2 orc warriors
  2 water moccasins
  An ice beast (D:5)
  A black bear (D:7)
  2 ogres (D:5)
  3 boggarts (D:14)
  4 centaurs
  6 kobold brigands
  5 bullfrogs
  3 gnoll sergeants
  3 scorpions
  A cyclops zombie (D:12)
  4 wights (D:8)
  2 troll zombies (D:10)
  8 killer bees
  4 howler monkeys
  2 jellies (D:7)
  2 hounds
  5 orc priests
  2 iguanas
  7 orc wizards
  5 ogre zombies (D:10)
  16 gnolls
  14 adders
  4 shadow imps
  An ufetubus (D:5)
  2 worms (D:2)
  29 orcs
  7 ball pythons
  4 bats
  A bat zombie (D:3)
  10 endoplasms
  13 giant cockroaches
  7 goblins
  6 hobgoblins
  33 kobolds
  10 quokkas
  5 frilled lizards
  2 goblin skeletons (D:10)
  3 goblin zombies (D:10)
  A hobgoblin skeleton (D:10)
  2 hobgoblin zombies (D:10)
  2 orc skeletons (D:10)
  6 orc zombies (D:10)
  4 rats
  A rat zombie (D:3)
331 creatures vanquished.

Vanquished Creatures (collateral kills)
  A tentacled monstrosity (D:13)
  A boulder beetle (D:12)
  Amaemon (D:8)
  A glowing orange brain (D:13)
  4 ugly things
  A manticore (D:13)
  A centaur zombie (D:13)
  An unseen horror (D:10)
  A slime creature (D:14)
  A wyvern (shapeshifter) (D:13)
  3 yaks (D:10)
  2 vampire mosquitoes (D:12)
  A fire bat (Gauntlet)
  A neqoxec (D:13)
  A steam dragon (D:9)
  An ice beast (D:8)
  A black bear (D:4)
  An ogre (D:5)
  A bullfrog (shapeshifter) (D:13)
  A bullfrog (Sewer)
  A killer bee (D:8)
  A hound (shapeshifter) (D:13)
  An orc priest (D:9)
  A sleepcap (D:4)
  3 orc wizards
  A kobold zombie (D:13)
  An ogre zombie (D:10)
  3 gnolls
  A river rat (shapeshifter) (D:13)
  An adder (Sewer)
  A dart slug (D:4)
  12 orcs
  2 endoplasms (Sewer)
  2 giant cockroaches (Sewer)
  A hobgoblin (D:4)
  A quokka (Sewer)
  2 ball pythons
  3 frilled lizards (Sewer)
  A goblin zombie (D:10)
  A hobgoblin zombie (D:10)
  2 kobolds
  6 orc zombies (D:10)
74 creatures vanquished.

Vanquished Creatures (others)
  3 ugly thing zombies
  A deep troll zombie (D:13)
  2 fire bat zombies (Gauntlet)
  2 manticore zombies (D:14)
  4 vampire mosquito zombies
  A troll zombie (D:10)
  A yak zombie (D:10)
  A boggart zombie (D:14)
  A scorpion zombie (D:5)
  3 killer bee zombies
  A hound zombie (D:5)
  A howler monkey zombie (D:9)
  A steam dragon zombie (D:8)
  An adder zombie (D:4)
  A bat zombie (D:3)
  4 gnoll zombies
  A river rat zombie (D:13)
  An endoplasm zombie (Sewer)
  A giant cockroach zombie (Sewer)
  2 hobgoblin zombies (D:4)
  6 kobold zombies
  8 orc zombies
47 creatures vanquished.

Grand Total: 452 creatures vanquished

Notes
Turn   | Place    | Note
-------+----------+-------------------------------------------
     0 | D:1      | cdecastro the Demonspawn Hedge Wizard began the quest for
                  | the Orb.
     0 | D:1      | Reached XP level 1. HP: 13/13 MP: 4/4
   451 | D:1      | Gained mutation: A weak demonic guardian rushes to your
                  | aid. [demonic ancestry]
   451 | D:1      | Reached XP level 2. HP: 19/19 MP: 0/6
  1359 | D:1      | Gained mutation: You are partially covered in slimy green
                  | scales. (AC +2) [demonic ancestry]
  1359 | D:1      | Reached XP level 3. HP: 14/24 MP: 1/7
  2215 | D:2      | Gained mutation: Spells you cast may paralyse adjacent
                  | enemies. [demonic ancestry]
  2215 | D:2      | Reached XP level 4. HP: 26/30 MP: 4/8
  2555 | D:2      | Found a faded altar of an unknown god.
  3246 | D:2      | Prayed at the altar of an unknown god.
  3246 | D:2      | Became a worshipper of Yredelemnul the Dark
  3246 | D:2      | Reached * piety under Yredelemnul
  3403 | D:3      | Found an ancient bone altar of Kikubaaqudgha.
  3471 | D:3      | Found a sacrificial altar of Ru.
  3474 | D:3      | Found a broken altar of Ashenzari.
  3488 | D:3      | Gained mutation: Spells you cast may paralyse nearby
                  | enemies. [demonic ancestry]
  3488 | D:3      | Reached XP level 5. HP: 30/35 MP: 7/9
  3727 | D:3      | Reached skill level 5 in Conjurations
  3999 | D:4      | Reached skill level 1 in Short Blades
  4057 | D:4      | Found a hazy altar of Hepliaklqana.
  4222 | D:4      | Noticed a black bear
  4238 | D:4      | Killed a black bear
  4239 | D:4      | Reached XP level 6. HP: 5/41 MP: 2/10
  4422 | D:4      | Found a staircase to the Ecumenical Temple.
  4519 | D:4      | Found a shimmering blue altar of Sif Muna.
  4669 | D:4      | Found an iron altar of Okawaru.
  4725 | D:4      | Found a shadowy altar of Dithmenos.
  4852 | D:5      | Entered Level 5 of the Dungeon
  4941 | D:5      | Reached XP level 7. HP: 46/46 MP: 6/11
  5140 | D:5      | Reached skill level 5 in Short Blades
  5164 | D:5      | Reached ** piety under Yredelemnul
  5447 | D:5      | Found a sparkling altar of Nemelex Xobeh.
  5628 | D:5      | Reached XP level 8. HP: 52/52 MP: 7/12
  6297 | D:6      | Found a glowing drain.
  6370 | Sewer    | Entered a sewer
  6573 | Sewer    | Reached *** piety under Yredelemnul
  6587 | Sewer    | Reached **** piety under Yredelemnul
  7466 | D:7      | Gained mutation: You have large cloven feet. [demonic
                  | ancestry]
  7466 | D:7      | Reached XP level 9. HP: 52/57 MP: 8/13
  8013 | D:8      | Reached skill level 10 in Short Blades
  8013 | D:8      | Reached skill level 1 in Invocations
  8114 | D:8      | Reached skill level 2 in Invocations
  8126 | D:8      | Reached skill level 3 in Invocations
  8131 | D:8      | Reached skill level 4 in Invocations
  8318 | D:8      | Reached skill level 5 in Invocations
  8491 | D:8      | Noticed an orange demon
  8497 | D:8      | Killed an orange demon
  8498 | D:8      | Reached skill level 5 in Stealth
  8498 | D:8      | Reached skill level 1 in Fighting
  8502 | D:8      | Noticed Amaemon
  8515 | D:8      | Killed Amaemon
  8781 | D:9      | Gained mutation: A demonic guardian rushes to your aid.
                  | [demonic ancestry]
  8781 | D:9      | Reached XP level 10. HP: 73/73 MP: 14/14
  8835 | D:9      | Reached skill level 5 in Fighting
  8876 | D:9      | Reached skill level 6 in Invocations
  8884 | D:9      | Reached skill level 7 in Invocations
  9004 | D:9      | Reached skill level 8 in Invocations
  9011 | D:9      | Learned a level 3 spell: Mephitic Cloud
  9607 | D:10     | Entered Level 10 of the Dungeon
  9616 | D:10     | Reached skill level 9 in Invocations
  9660 | D:10     | Noticed a gargoyle
  9671 | D:10     | Killed a gargoyle
  9805 | D:10     | Reached skill level 10 in Invocations
 10371 | D:10     | Found a staircase to the Orcish Mines.
 10609 | D:10     | Gained mutation: Spells you cast and wands you use may
                  | paralyse nearby enemies. [demonic ancestry]
 10609 | D:10     | Reached XP level 11. HP: 67/79 MP: 15/18
 11149 | D:10     | Noticed a seven-headed hydra
 11172 | D:10     | Killed a seven-headed hydra
 11242 | D:10     | Noticed a boulder beetle
 11252 | D:10     | Killed a boulder beetle
 11351 | D:11     | Identified the +6 flail of the Other Side {protect, rPois
                  | rCorr Int+6 Dex-5}
 11376 | D:11     | Learned a level 2 spell: Cigotuvi's Dreadful Rot
 11533 | D:11     | Reached skill level 5 in Air Magic
 11589 | D:11     | Found a staircase to the Lair.
 11601 | D:11     | Noticed a two-headed ogre
 11611 | D:11     | Killed a two-headed ogre
 11698 | D:11     | Identified the +3 leather armour of the Harp {Will- Str+3
                  | Dex+3}
 12425 | Temple   | Entered the Ecumenical Temple
 12643 | D:12     | Noticed a boulder beetle
 12667 | D:12     | Killed a boulder beetle
 12668 | D:12     | Reached skill level 5 in Dodging
 12826 | D:12     | Found a gate leading to a gauntlet.
 12837 | Gauntlet | Entered a Gauntlet
 12837 | Gauntlet | Found a transporter.
 12878 | Gauntlet | Found a transporter.
 12881 | Gauntlet | Noticed a dire elephant
 12894 | Gauntlet | Found a transporter.
 12898 | Gauntlet | Found a transporter.
 12904 | Gauntlet | Noticed a dire elephant
 12908 | Gauntlet | Found a transporter.
 12927 | Gauntlet | Found a runed translucent door.
 12928 | Gauntlet | Found a transporter.
 12931 | Gauntlet | Found a transporter.
 12935 | Gauntlet | Found a transporter.
 12935 | Gauntlet | Noticed a dire elephant
 12945 | Gauntlet | Found a runed translucent door.
 12956 | Gauntlet | Noticed an obsidian statue
 12966 | Gauntlet | Found a transporter.
 12974 | Gauntlet | Found a transporter.
 12974 | Gauntlet | Found a transporter.
 12975 | Gauntlet | Noticed a hell hog
 12982 | Gauntlet | Found a transporter.
 13324 | Gauntlet | Reached XP level 12. HP: 32/86 MP: 6/19
 13325 | Gauntlet | Killed a hell hog
 13340 | Gauntlet | Identified the ring "Meonagaj" {rElec rPois rC++ Str+6
                  | Dex+2}
 13424 | Gauntlet | Identified the +10 morningstar of the Blessed Realm {vamp,
                  | rC- Int+4 SInv}
 13424 | Gauntlet | Noticed a minotaur
 13431 | Gauntlet | Killed a minotaur
 14014 | D:13     | HP: 4/86 [manticore (6)]
 14339 | D:13     | Found Azaanupa's General Store.
 14347 | D:13     | Bought a scroll of identify for 34 gold pieces
 14378 | D:13     | Found a runed translucent gate.
 14378 | D:13     | Found a runed translucent gate.
 14378 | D:13     | Found a runed translucent gate.
 14465 | D:13     | Noticed a centaur warrior
 14472 | D:13     | Killed a centaur warrior
 14744 | D:13     | Reached skill level 10 in Stealth
 14744 | D:13     | Reached skill level 1 in Poison Magic
 14755 | D:13     | Reached ***** piety under Yredelemnul
 14943 | D:13     | Found a gate to the Vaults.
 15126 | D:13     | Reached ****** piety under Yredelemnul
 15139 | D:13     | Reached skill level 5 in Poison Magic
 15143 | D:13     | Found a runed translucent gate.
 15143 | D:13     | Found a runed translucent gate.
 15148 | D:13     | Noticed a tentacled monstrosity
 15150 | D:13     | Found a runed translucent gate.
 15150 | D:13     | Noticed OceanMan's ghost (journeyman MiFi)
 15151 | D:13     | Found the +0 pair of fencer's gloves {Riposte Dex+3}
 15262 | D:13     | Reached skill level 11 in Invocations
 15263 | D:13     | Killed a tentacled monstrosity
 15501 | D:14     | Reached skill level 12 in Invocations
 15574 | D:14     | Reached XP level 13. HP: 84/91 MP: 20/22
 15672 | D:14     | Found an opulent altar of Gozag.
 15778 | D:14     | Reached skill level 13 in Invocations
 15974 | D:14     | Reached skill level 14 in Invocations
 15988 | D:14     | Slain by a large slime creature

Illustrated notes

Levels and vault maps discovered:
D:1:      matt_arrival_refuge, layout_basic
D:2:      minmay_recursive_quarters, layout_basic,
          dilly_ecumenical_altar_fadedgnrine, nrook_campfire,
          kennysheep_generic_room_10
D:3:      layout_rooms, nicolae_overflow_squiral,
          lemuel_zombie_altar_kikubaaqudgha
D:4:      layout_cave_pools, lemuel_crystal_altar,
          nicolae_sif_muna_little_library, kennysheep_mini,
          nicolae_dithmenos_through_a_glass_darkly, minmay_temple_entry_junction
D:5:      layout_basic, nemelex_spade_bored_becter
D:6:      minmay_evil_eye, layout_gridville, elyvilon_altar_4,
          portal_sewer_entry_f
D:7:      layout_basic, minmay_gold_behind_fungi
D:8:      layout_rooms, uniq_amaemon
D:9:      layout_layer_cave
D:10:     layout_irregular_city, zombieorc2_lemuel, palyth_stone_intersect,
          wad_mini_maze
D:11:     layout_basic, grunt_lair_entry_orc_guard_hut,
          kennysheep_generic_room_12
D:12:     layout_rooms, gauntlet_entry_generic
D:13:     layout_stronghold, david_vaults_4, serial_shops,
          nicolae_shop_getting_attention,
          ploomutoo_gammafunk_ghost_potion_laboratory
D:14:     layout_roguey, nicolae_gozag_seed_capital, drop_trap
Temple:   nicolae_temple_god_jail

Skill      XL: |  1  2  3  4  5  6  7  8  9 10 11 12 13 |
---------------+----------------------------------------+-----
Conjurations   | 2 3 4 5 |  5.3
Short Blades   | 2 4 7 9 10 11 12 | 12.0
Invocations    | 5 10 12 14 | 14.0
Stealth        | 5 6 10 | 10.0
Fighting       | 4 5 |  5.0
Air Magic      | 5 |  5.0
Dodging        | 5 |  5.0
Summonings     | 2 |  2.2
Poison Magic   | 5 |  5.0
Spellcasting   | |  3.0
Translocations | |  0.8

Action                     |  1- 3 |  4- 6 |  7- 9 | 10-12 | 13-15 || total
---------------------------+-------+-------+-------+-------+-------++-------
  Melee: Dagger            |     6 |    80 |    71 |       |       ||   157
         Punch             |       |     1 |       |     2 |       ||     3
         Short sword       |       |       |    53 |   181 |    16 ||   250
         Kick              |       |       |     3 |    23 |       ||    26
   Cast: Magic Dart        |    80 |    93 |   152 |   259 |    43 ||   627
         Mephitic Cloud    |       |       |       |     4 |       ||     4
 Invoke: Recall Undead Har |       |     1 |     1 |     2 |       ||     4
         Dark Bargain      |       |       |     2 |    12 |       ||    14
    Use: Scroll            |       |       |       |    25 |     1 ||    26
         Potion            |       |       |       |     2 |       ||     2
   Stab: Paralysed         |       |    35 |    76 |    91 |     8 ||   210
         Sleeping          |       |     6 |     5 |    14 |     1 ||    26
         Distracted        |       |       |       |     2 |     2 ||     4
         Confused          |       |       |       |     1 |       ||     1
 Armour: Robe              |     2 |    24 |    22 |    49 |    12 ||   109
  Dodge: Dodged            |     8 |    71 |   129 |   238 |    51 ||   497
